AoeStats
← Old School

Lombardia

509522961Analyzed
4v4 RM · 5d ago on Sep 27, 2026· 78m 43s· 8 players
Game mode
Random Map
Map size
Large (8 player)
Population
200
Speed
Normal
Resources
Standard
Victory
Conquest
Starting age
Dark Age
Ending age
Imperial Age
RankedLock teamsTeams togetherTeam positionsShared explorationLock speedFull tech treeHidden civsTurbo modeCheats
Victory
Defeat
🇺🇸 Teutons · United States
757
+18
🇨🇳 Persians · China
729
+19
🇮🇳 Chinese · India
695
+20
🇺🇸 Franks · United States
653
+21
🇺🇸 Mongols · United States
911
-25
🇺🇸 Franks · United States
767
-19
🇺🇸 Franks · United States
760
-18
🇺🇸 Italians · United States
702
-16
Bwinthehouse
13:58 Feudal Age
20:02 Castle Age
21:08 Horse Collar
22:46 Heavy Plow
22:57 Loom
24:16 Double-Bit Axe
27:48 Wheelbarrow
27:42 Bow Saw
31:55 Fortified Wall
31:56 Masonry
32:07 Hand Cart
35:25 Gold Mining
35:25 Stone Mining
36:59 Caravan
41:25 Imperial Age
40:05 Stone Shaft Mining
40:18 Town Watch
41:11 Scale Mail Armor
41:22 Forging
42:46 Crop Rotation
43:18 Two-Man Saw
43:05 Hoardings
43:34 Elite Teutonic Knight
45:31 Chain Mail Armor
45:51 Iron Casting
46:05 Crenellations
45:47 Capped Ram
49:00 Arrowslits
49:22 Siege Engineers
50:29 Blast Furnace
50:00 Plate Mail Armor
52:27 Ironclad
59:03 Town Patrol
sup-cc
9:57 Feudal Age
20:27 Castle Age
23:27 Loom
23:39 Double-Bit Axe
24:08 Caravan
28:18 Horse Collar
29:14 Masonry
28:59 Murder Holes
29:45 Wheelbarrow
30:20 Scale Mail Armor
31:14 Bow Saw
32:42 Hand Cart
32:29 Town Watch
33:44 Kamandaran
35:17 Gambesons
35:55 Ballistics
36:03 Husbandry
36:11 Squires
37:02 Gold Mining
37:03 Stone Mining
37:42 Heavy Plow
38:10 Bloodlines
39:15 Light Cavalry
41:20 Crossbowman
42:05 Thumb Ring
42:53 Scale Barding Armor
42:59 Forging
42:40 Fletching
42:50 Padded Archer Armor
43:06 Chain Mail Armor
42:14 Pikeman
42:40 Arson
47:34 Imperial Age
46:03 Gold Shaft Mining
46:03 Stone Shaft Mining
45:18 Elite Skirmisher
47:14 Leather Archer Armor
47:20 Chain Barding Armor
48:00 Elite War Elephant
48:22 Halberdier
51:42 Chemistry
51:13 Architecture
50:34 Guard Tower
51:00 Citadels
52:07 Cavalier
52:31 Hussar
61:25 Plate Barding Armor
68:39 Two-Man Saw
70:24 Town Patrol
junstar
11:48 Feudal Age
16:34 Castle Age
19:13 Double-Bit Axe
20:32 Loom
33:43 Imperial Age
31:26 Gold Mining
34:22 Scale Barding Armor
35:04 Chivalry
34:32 Cavalier
35:59 Caravan
35:41 Paladin
36:50 Chain Barding Armor
37:46 Wheelbarrow
37:05 Pikeman
39:29 Plate Barding Armor
38:55 Scale Mail Armor
39:06 Forging
38:20 Halberdier
44:48 Chain Mail Armor
45:12 Iron Casting
48:14 Plate Mail Armor
48:44 Blast Furnace
52:21 Elite Skirmisher
53:12 Padded Archer Armor
53:03 Fletching
55:07 Ballistics
55:40 Leather Archer Armor
55:22 Bodkin Arrow
58:47 Chemistry
souravmalik858
1:32 Loom
14:05 Feudal Age
15:02 Horse Collar
15:10 Double-Bit Axe
18:58 Gold Mining
22:47 Forging
22:30 Fletching
22:40 Padded Archer Armor
23:02 Bloodlines
27:12 Castle Age
30:36 Gold Shaft Mining
29:53 Stone Mining
30:15 Bow Saw
35:42 Wheelbarrow
34:54 Town Watch
35:55 Stone Mining
37:19 Caravan
39:55 Stone Shaft Mining
42:29 Imperial Age
40:18 Hand Cart
40:04 Town Patrol
41:06 Thumb Ring
41:16 Bodkin Arrow
41:36 Leather Archer Armor
42:18 Squires
42:03 Arson
42:38 Forging
42:29 Scale Mail Armor
46:25 Elite Chu Ko Nu
46:46 Elite Fire Lancer
54:58 Heavy Plow
69:12 Murder Holes
69:37 Ballistics
70:18 Chemistry
69:28 Bracer
69:59 Ring Archer Armor
69:46 Chain Mail Armor
70:08 Iron Casting
Renga Revenge
8:15 Loom
12:22 Feudal Age
12:52 Double-Bit Axe
21:35 Castle Age
24:05 Bow Saw
23:46 Gold Mining
23:47 Stone Mining
24:39 Fortified Wall
24:47 Husbandry
25:00 Forging
31:49 Iron Casting
31:20 Scale Barding Armor
34:44 Wheelbarrow
33:55 Town Watch
34:52 Chain Barding Armor
36:00 Murder Holes
36:26 Ballistics
37:31 Caravan
40:12 Imperial Age
39:01 Hand Cart
39:42 Masonry
40:16 Cavalier
41:59 Blast Furnace
41:35 Plate Barding Armor
42:16 Town Patrol
42:51 Paladin
46:31 Chivalry
46:56 Conscription
52:49 Hoardings
Wolfgamepayne
1:03 Loom
13:10 Feudal Age
14:30 Wheelbarrow
13:43 Double-Bit Axe
13:46 Town Watch
13:53 Gold Mining
14:35 Stone Mining
26:44 Castle Age
27:47 Hand Cart
27:46 Bow Saw
28:15 Gold Shaft Mining
27:44 Town Patrol
31:08 Fortified Wall
31:08 Murder Holes
30:37 Pikeman
33:02 Ballistics
32:49 Siphons
34:45 Husbandry
36:43 Caravan
37:09 Squires
36:54 Arson
41:21 Imperial Age
39:41 Masonry
39:12 Treadmill Crane
39:23 Guard Tower
39:44 Careening
39:03 Light Cavalry
39:58 Scale Barding Armor
39:54 Scale Mail Armor
42:41 Cavalier
44:53 Chemistry
44:16 Chain Barding Armor
44:13 Chain Mail Armor
44:08 Forging
43:49 Fletching
43:59 Padded Archer Armor
45:06 Halberdier
47:10 Conscription
47:27 Hoardings
46:54 Chivalry
46:15 Ordonnance Companies
50:10 Paladin
53:33 Plate Barding Armor
53:28 Plate Mail Armor
53:34 Iron Casting
52:54 Bodkin Arrow
53:15 Leather Archer Armor
55:02 Elite Throwing Axeman
Mouse
0:28 Loom
10:47 Feudal Age
16:33 Castle Age
14:57 Double-Bit Axe
15:38 Gold Mining
17:35 Town Watch
25:10 Pikeman
27:50 Caravan
28:33 Wheelbarrow
32:57 Imperial Age
35:26 Murder Holes
37:40 Forging
37:31 Scale Mail Armor
37:16 Elite Skirmisher
39:11 Fletching
39:22 Padded Archer Armor
42:15 Hoardings
42:23 Iron Casting
42:04 Chain Mail Armor
45:01 Drill
45:06 Bow Saw
46:17 Ballistics
45:58 Bodkin Arrow
46:20 Leather Archer Armor
46:35 Plate Mail Armor
46:45 Heavy Cavalry Archer
47:43 Heavy Scorpion
50:06 Blast Furnace
49:07 Bracer
49:15 Capped Ram
53:57 Parthian Tactics
53:40 Thumb Ring
58:28 Scale Barding Armor
58:47 Hand Cart
60:06 Fortified Wall
60:08 Masonry
Old School
0:30 Loom
12:17 Feudal Age
15:54 Double-Bit Axe
21:54 Horse Collar
26:16 Castle Age
25:18 Stone Mining
25:26 Gold Mining
29:04 Stone Shaft Mining
28:43 Bow Saw
28:39 Heavy Plow
29:25 Fletching
29:36 Padded Archer Armor
29:57 Thumb Ring
35:12 Silk Road
38:38 Imperial Age
36:35 Murder Holes
37:01 Ballistics
38:05 Caravan
40:54 Two-Man Saw
41:23 Crop Rotation
40:38 Pikeman
41:20 Squires
41:09 Arson
44:05 Conscription
43:17 Elite Genoese Crossbowman
44:24 Bodkin Arrow
46:24 Bracer
46:40 Leather Archer Armor
49:28 Ring Archer Armor
55:59 Forging
55:55 Scale Barding Armor
56:01 Cavalier
56:44 Husbandry
56:55 Bloodlines
59:04 Wheelbarrow
59:29 Iron Casting
59:15 Chain Barding Armor
69:56 Blast Furnace
69:31 Plate Barding Armor
78:44 Hoardings
Connection lost

Rejoining the realm…

Still unreachable

The connection could not be restored.

Session expired

The server has moved on; the page needs a fresh start.